 Dungeon Crawl Stone Soup version 0.23-a0-305-g7ffd15e (webtiles) character file.

61 galech the Skirmisher (level 3, -9/29 HPs)
             Began as a Demonspawn Fighter on Oct 9, 2018.
             Mangled by Sigmund
             ... wielding a cursed -1 scythe
              (11 damage)
             ... on level 2 of the Dungeon.
             The game lasted 00:01:08 (1079 turns).

galech the Skirmisher (Demonspawn Fighter)          Turns: 1079, Time: 00:01:09

Health: -9/29      AC:  6    Str: 16    XL:     3   Next: 83%
Magic:  0/3        EV:  7    Int:  9    God:
Gold:   30         SH:  9    Dex: 13    Spells: 2/2 levels left

rFire    . . .     SeeInvis .   a - +0 war axe
rCold    . . .     Gourm    .   c - +0 shield
rNeg     . . .     Faith    .   b - +0 scale mail
rPois    .         Spirit   +   (helmet restricted)
rElec    .         Reflect  .   n - scarf {cloud immunity}
rCorr    .         Harm     .   (no gloves)
MR       .....     Rnd*Tele +   (no boots)
Stlth    ..........             (no amulet)
HPRegen  0.09/turn              g - ring of teleportation (curse)
MPRegen  0.08/turn              (no ring)

@: no status effects
A: horns 1, magic shield
a: no special abilities


You were on level 2 of the Dungeon.
You were not hungry.

You visited 1 branch of the dungeon, and saw 2 of its levels.

You collected 30 gold pieces.

Inventory:

Hand Weapons
 a - a +0 war axe (weapon)
Armour
 b - a +0 scale mail (worn)
 c - a +0 shield (worn)
 n - a scarf of cloud immunity (worn)
Jewellery
 g - a cursed ring of teleportation (left hand)
Scrolls
 h - 2 scrolls of remove curse {unknown}
 j - a scroll of noise {unknown}
 k - a scroll of magic mapping {unknown}
Potions
 d - a potion of might
 e - a potion of flight {unknown}
 i - 2 potions of curing {unknown}
 l - a potion of brilliance {unknown}
Comestibles
 f - a ration
 m - 2 chunks of flesh


   Skills:
 + Level 3.3 Fighting
 + Level 2.5 Axes
 + Level 3.2 Armour
 + Level 0.2 Dodging
 + Level 3.1 Shields


You had 2 spell levels left.
You didn't know any spells.
Your spell library was empty.

Dungeon Overview and Level Annotations

Branches:
Dungeon (2/15)

Altars:

Annotations:
D:2 1 runed door, Sigmund


Innate Abilities, Weirdness & Mutations

You have a pair of small horns on your head.
When hurt, damage is shared between your health and your magic reserves.


Message History

No target in view!
No target in view!
No target in view!
No target in view!
No target in view!
No target in view!
No target in view!
No target in view!
No target in view!
You miss something. You headbutt something.
Something hits you but does no damage.
You hit something. Something hits you.
You barely miss something. Something hits you! Something hits you.
You miss something. You headbutt something. Something hits you!
* * * LOW HITPOINT WARNING * * *
You miss something. Something hits you.
* * * LOW HITPOINT WARNING * * *
You closely miss something. You miss something. Your headbutt misses something.
Something hits you!
You die...

........####
.######..# ##.#
#.# #.#
#############.#
#.............#
#
#.####.####.###
. #@# #.# ..
+{+ #.# .. #.#
#.# .. ... ..#
## #.# #.# #.#
#.# +.+ #.# #.#


There were no monsters in sight!

Vanquished Creatures
  An adder (D:2)
  An ooze (D:1)
  A worm (D:2)
  2 leopard geckos (D:1)
  2 ball pythons (D:1)
  4 giant cockroaches (D:1)
  5 hobgoblins
  3 jackals (D:1)
  A quokka (D:2)
  2 bats
  A frilled lizard (D:1)
  5 goblins
  4 kobolds
  6 rats
38 creatures vanquished.

Notes
Turn   | Place    | Note
-------+----------+-------------------------------------------
     0 | D:1      | galech the Demonspawn Fighter began the quest for the Orb.
     0 | D:1      | Reached XP level 1. HP: 18/18 MP: 1/1
   124 | D:1      | Gained mutation: When hurt, damage is shared between your
                  | health and your magic reserves. [demonic ancestry]
   124 | D:1      | Reached XP level 2. HP: 21/24 MP: 2/2
   305 | D:1      | Gained mutation: You have a pair of small horns on your
                  | head. [demonic ancestry]
   305 | D:1      | Reached XP level 3. HP: 27/29 MP: 0/3
   886 | D:2      | Found a runed door.
  1070 | D:2      | Noticed Sigmund
  1077 | D:2      | HP: 1/29 [something (3)]
  1079 | D:2      | Mangled by Sigmund

Vault maps used:
D:1:      sevenhm_arrival_forest_fort_large_2
D:2:      minmay_door_path, uniq_sigmund, uniq_crazy_yiuf_cottage

Skill      XL: |  1  2 |
---------------+-------+-----
Axes           | 2 |  2.5
Armour         | 3 |  3.2
Shields        | 3 |  3.1
Fighting       | |  3.3
Dodging        | |  0.2

Action                   || total
-------------------------++-------
Melee: War axe           ||   113
       Headbutt          ||     8
  Eat: Chunk             ||     1
Armor: Scale mail        ||    40
Dodge: Dodged            ||    34
Block: Shield            ||    69

Table legend:
 A = Non-vault XP
 B = Vault XP
 C = Vault XP percentage of total XP
 D = Non-vault monster count
 E = Vault monster count
 F = Vault count percentage of total count
                 A         B        C        D         E       F
            +---------+---------+-------+---------+---------+-------
      Total |      88 |       0 |   0.0 |      38 |       0 |   0.0
            +---------+---------+-------+---------+---------+-------
        D:1 |      51 |       0 |   0.0 |      25 |       0 |   0.0
        D:2 |      37 |       0 |   0.0 |      13 |       0 |   0.0
            +---------+---------+-------+---------+---------+-------
